Princes vs Sewer Rats
Created - 9 janvier 2013 at 23:17
Goals
|
| Princes |
2 |
2 |
0 |
4 |
| Sewer Rats |
2 |
0 |
0 |
2 |
|
Shots
|
| Princes |
9 |
8 |
9 |
26 |
| Sewer Rats |
15 |
9 |
7 |
31 |
|
1st period
1. Sewer Rats , Ville Leino 8 (Maxim Talbot) at 5:34
2. Sewer Rats , Maxim Talbot 9 (Ville Leino, Steven Kampfer) at 8:56
3. Princes , Brian McGrattan 10 (David Perron, Michael Nylander) at 12:05
4. Princes , Michael Nylander 13 (David Perron) at 12:11
Penalties :
Nate Prosser (Cal) for Interference (Minor) at 1:33, Mark Mancari (Tol) for Cross-checking (Minor) at 5:57, Kevin Shattenkirk (Cal) for Holding (Minor) at 5:57, Rhett Warrener (Cal) for Roughing (Minor) at 15:53
2nd period
5. Princes , Alexander Korolyuk 8 (Chris Thorburn, David Perron) at 1:40 (PP)
6. Princes , Alexander Korolyuk 9 (Kevin Shattenkirk, P.J. Axelsson) at 19:46
Penalties :
Mark Mancari (Tol) for Cross-checking (Minor) at 0:30, Steven Kampfer (Tol) for Holding (Minor) at 7:35, Noah Welch (Cal) for Interference (Minor) at 14:33
3rd period
No Goal
Penalties :
Vojtech Polak (Tol) for Tripping (Minor) at 8:22, Anthony Peluso (Cal) for Kneeing (Major) at 11:42, Steven Kampfer (Tol) for Diving (Minor) at 18:32
Goalie Stats
Jeff Deslauriers (Cal), 29 saves from 31 shots - (0,935), W, 3-6-0, 60:00 minutes
Jonas Gustavsson (Tol), 13 saves from 17 shots - (0,765), L, 4-5-1, 39:46 minutes
Jhonas Enroth (Tol), 9 saves from 9 shots - (1,000), 20:14 minutes
Players Stats for Princes
Player Name G A P +/- PIM S H SB GA TA FO MP PP MP PK MP
------------------------------------------------------------------------------------
Alexander Korolyuk 2 0 2 0 0 6 2 0 2 0 0/0 13:42 3:06 2:15
Anthony Peluso 0 0 0 0 5 0 4 0 0 0 0/0 5:29 0:00 0:00
Brian McGrattan 1 0 1 1 0 1 2 0 2 0 0/0 19:13 3:29 1:28
Chris Thorburn 0 1 1 0 0 3 6 1 1 1 1/2 15:27 3:06 0:00
Curtis Glencross 0 0 0 0 0 1 5 0 2 1 0/1 17:34 0:00 3:24
David Desharnais 0 0 0 0 0 0 1 0 0 0 3/5 10:23 0:00 1:27
David Perron 0 3 3 1 0 5 1 0 2 0 0/1 18:14 3:29 0:00
Jason Strudwick 0 0 0 2 0 0 1 1 0 2 0/0 17:04 0:00 4:41
Jesse Winchester 0 0 0 0 0 1 2 1 2 0 5/14 15:33 3:06 0:09
John Madden 0 0 0 0 0 1 2 0 1 0 3/4 9:43 0:00 3:24
Kevin Shattenkirk 0 1 1 1 2 0 0 2 0 0 0/0 22:16 4:23 2:20
Michael Haley 0 0 0 0 0 0 2 0 0 0 0/0 5:30 0:00 0:00
Michael Nylander 1 1 2 1 0 3 2 0 0 0 19/31 22:13 3:29 4:42
Nate Prosser 0 0 0 2 2 1 0 4 0 0 0/0 15:43 2:12 0:46
Noah Welch 0 0 0 1 2 0 4 0 0 0 0/0 21:41 0:00 4:42
P.J. Axelsson 0 1 1 0 0 0 1 1 0 0 0/0 13:21 0:00 5:03
Rhett Warrener 0 0 0 -2 2 3 0 1 1 1 0/0 22:30 4:23 3:58
Sean Zimmerman 0 0 0 -2 0 1 2 0 1 2 0/0 21:24 2:12 5:25
Players Stats for Sewer Rats
Player Name G A P +/- PIM S H SB GA TA FO MP PP MP PK MP
------------------------------------------------------------------------------------
Bryan Little 0 0 0 -1 0 3 1 0 1 1 13/25 22:29 4:43 2:07
Chris Clark 0 0 0 -1 0 6 3 2 0 0 1/1 15:08 1:43 3:54
Derek Dorsett 0 0 0 0 0 1 0 0 1 0 0/1 7:45 0:00 0:00
John-Michael Liles 0 0 0 -2 0 2 0 3 0 0 0/0 24:33 4:49 3:41
Karel Rachunek 0 0 0 -2 0 3 1 1 1 3 0/0 23:33 4:49 2:54
Kyle Quincey 0 0 0 0 0 0 1 0 0 0 0/0 16:43 5:24 0:00
Lars Eller 0 0 0 0 0 1 0 0 0 0 0/0 7:22 0:00 0:00
Marc-André Cliche 0 0 0 0 0 3 0 0 0 1 0/4 9:37 1:46 0:00
Mark Mancari 0 0 0 1 4 2 1 1 0 0 0/0 15:18 5:24 0:00
Matt Lashoff 0 0 0 0 0 0 0 1 0 3 0/0 15:25 0:43 3:41
Max Pacioretty 0 0 0 -1 0 1 1 0 0 1 0/1 21:25 4:36 1:46
Maxim Talbot 1 1 2 1 0 2 2 0 2 3 10/20 19:33 4:27 3:56
Mike Funk 0 0 0 1 0 0 0 0 0 0 0/0 7:02 0:21 0:00
Mike Rathje 0 0 0 0 0 1 1 2 0 1 0/0 11:26 0:00 2:54
Niko Dimitrakos 0 0 0 -1 0 1 2 3 1 0 1/2 18:49 3:49 0:00
Raphael Diaz 0 0 0 0 0 1 0 0 0 0 0/0 14:49 5:46 0:00
Shawn Matthias 0 0 0 -1 0 1 0 0 0 0 2/4 7:00 0:00 0:00
Steven Kampfer 0 1 1 1 4 0 0 0 0 0 0/0 6:54 0:00 0:00
Ville Leino 1 1 2 1 0 3 0 1 0 0 0/0 13:52 4:35 0:00
Vojtech Polak 0 0 0 -1 2 0 0 1 1 1 0/0 12:38 1:45 1:27
3 Stars
1 - Alexander Korolyuk (Cal)
2 - Maxim Talbot (Tol)
3 - Michael Nylander (Cal)
Power Play
Princes - 1 on 4 Attempt(s) - 25,00%
Sewer Rats - 0 on 4 Attempt(s) - 0,00%
Penalty Kill
Princes - 4 on 4 Attempt(s) - 100,00%
- Score 0 goal in Penalty Kill
Sewer Rats - 3 on 4 Attempt(s) - 75,00%
- Score 0 goal in Penalty Kill
Official
Referees : Martell Rob and Joannette Marc
Linesman : Brian Mach and Tim Nowak
Game Notes
Jhonas Enroth enters game at 19:46 of 2nd period
13:55 of 3rd period - Sewer Rats goal is going for a video replay. After video review, No Goal. The net was displaced accidentally.
Princes
5 vs 5 Forward
Center Left Wing Right Wing Time % Phy DF OF
1 Jesse Winchester Curtis Glencross Chris Thorburn 40 1 1 3
2 Michael Nylander David Perron Brian McGrattan 40 1 1 3
3 David Desharnais Alexander Korolyuk P.J. Axelsson 15 1 2 2
4 John Madden Michael Haley Anthony Peluso 5 1 2 2
5 vs 5 Defense
Defense Defense Time % Phy DF OF
1 Noah Welch Kevin Shattenkirk 40 0 3 2
2 Sean Zimmerman Rhett Warrener 30 0 3 2
3 Nate Prosser Jason Strudwick 20 0 3 2
4 Nate Prosser Jason Strudwick 10 0 3 2
PowerPlay Forward
Center Left Wing Right Wing Time % Phy DF OF
1 Michael Nylander David Perron Brian McGrattan 60 0 1 4
2 Jesse Winchester Alexander Korolyuk Chris Thorburn 40 0 1 4
PowerPlay Defense
Defense Defense Time % Phy DF OF
1 Kevin Shattenkirk Rhett Warrener 60 0 2 3
2 Sean Zimmerman Nate Prosser 40 0 2 3
Penalty Kill 4 Players Forward
Center Wing Time % Phy DF OF
1 Michael Nylander P.J. Axelsson 60 1 3 1
2 John Madden Curtis Glencross 40 1 3 1
Penalty Kill 4 Players Defense
Defense Defense Time % Phy DF OF
1 Noah Welch Sean Zimmerman 60 0 4 1
2 Rhett Warrener Jason Strudwick 40 0 4 1
Penalty Kill - 3 Players Forward
Forward Time % Phy DF OF
1 Michael Nylander 60 1 2 2
2 John Madden 40 1 2 2
Penalty Kill - 3 Players Defense
Defense Defense Time % Phy DF OF
1 Noah Welch Sean Zimmerman 60 1 4 0
2 Rhett Warrener Jason Strudwick 40 1 4 0
4 vs 4 Forward
Center Wing Time % Phy DF OF
1 Michael Nylander David Perron 60 1 2 2
2 Curtis Glencross Brian McGrattan 40 1 2 2
4 vs 4 Defense
Defense Defense Time % Phy DF OF
1 Sean Zimmerman Rhett Warrener 60 1 2 2
2 Noah Welch Nate Prosser 40 1 2 2
Last Minutes Offensive
Center Left Wing Right Wing Defense Defense
Michael Nylander David Perron Brian McGrattan Sean Zimmerman Rhett Warrener
Last Minutes Defensive
Center Left Wing Right Wing Defense Defense
Michael Nylander P.J. Axelsson Brian McGrattan Jason Strudwick Sean Zimmerman
Goaltenders
Starting : Jeff Deslauriers
Backup : Manny Legace
Extra Forwards
Normal : David Perron, Brian McGrattan, Curtis Glencross - PP : John Madden, P.J. Axelsson - PK : Brian McGrattan
Extra Defensemen
Normal : Nate Prosser, Kevin Shattenkirk, Sean Zimmerman - PP : Noah Welch - PK : Rhett Warrener, Kevin Shattenkirk
Penalty Shots
Michael Nylander, David Perron, Curtis Glencross, Alexander Korolyuk, Brian McGrattan
Sewer Rats
5 vs 5 Forward
Center Left Wing Right Wing Time % Phy DF OF
1 Bryan Little Max Pacioretty Niko Dimitrakos 40 1 2 2
2 Maxim Talbot Ville Leino Mark Mancari 30 1 2 2
3 Shawn Matthias Vojtech Polak Chris Clark 20 1 2 2
4 Marc-André Cliche Lars Eller Derek Dorsett 10 1 2 2
5 vs 5 Defense
Defense Defense Time % Phy DF OF
1 John-Michael Liles Karel Rachunek 40 1 2 2
2 Kyle Quincey Matt Lashoff 30 1 2 2
3 Mike Rathje Raphael Diaz 20 1 2 2
4 Steven Kampfer Mike Funk 10 1 2 2
PowerPlay Forward
Center Left Wing Right Wing Time % Phy DF OF
1 Bryan Little Max Pacioretty Mark Mancari 60 1 2 2
2 Maxim Talbot Ville Leino Niko Dimitrakos 40 1 2 2
PowerPlay Defense
Defense Defense Time % Phy DF OF
1 Karel Rachunek Raphael Diaz 60 1 2 2
2 Kyle Quincey John-Michael Liles 40 1 2 2
Penalty Kill 4 Players Forward
Center Wing Time % Phy DF OF
1 Maxim Talbot Chris Clark 60 1 2 2
2 Bryan Little Vojtech Polak 40 1 2 2
Penalty Kill 4 Players Defense
Defense Defense Time % Phy DF OF
1 John-Michael Liles Matt Lashoff 60 1 2 2
2 Karel Rachunek Mike Rathje 40 1 2 2
Penalty Kill - 3 Players Forward
Forward Time % Phy DF OF
1 Maxim Talbot 60 1 2 2
2 Bryan Little 40 1 2 2
Penalty Kill - 3 Players Defense
Defense Defense Time % Phy DF OF
1 Karel Rachunek Matt Lashoff 60 1 2 2
2 Mike Rathje John-Michael Liles 40 1 2 2
4 vs 4 Forward
Center Wing Time % Phy DF OF
1 Maxim Talbot Niko Dimitrakos 60 1 2 2
2 Bryan Little Chris Clark 40 1 2 2
4 vs 4 Defense
Defense Defense Time % Phy DF OF
1 John-Michael Liles Matt Lashoff 60 1 2 2
2 Kyle Quincey Raphael Diaz 40 1 2 2
Last Minutes Offensive
Center Left Wing Right Wing Defense Defense
Bryan Little Max Pacioretty Niko Dimitrakos Karel Rachunek Mike Rathje
Last Minutes Defensive
Center Left Wing Right Wing Defense Defense
Maxim Talbot Ville Leino Chris Clark John-Michael Liles Matt Lashoff
Goaltenders
Starting : Jonas Gustavsson
Backup : Jhonas Enroth
Extra Forwards
Normal : Niko Dimitrakos, Mark Mancari, Vojtech Polak - PP : Niko Dimitrakos, Mark Mancari - PK : Vojtech Polak
Extra Defensemen
Normal : Karel Rachunek, Mike Funk, Steven Kampfer - PP : Karel Rachunek - PK : Mike Funk, Steven Kampfer
Penalty Shots
Maxim Talbot, Max Pacioretty, Bryan Little, Chris Clark, Niko Dimitrakos
% Time on Ice - Princes
Lines # - Real PCT - Wanted PCT - Time Play
Normal Forward
1 - 32% - 40% - 12:49
2 - 35% - 40% - 13:59
3 - 20% - 15% - 8:12
4 - 14% - 5% - 5:30
Normal Defense
1 - 41% - 40% - 16:38
2 - 32% - 30% - 12:55
3 - 20% - 20% - 7:59
4 - 7% - 10% - 2:58
PP Forward
1 - 53% - 60% - 3:29
2 - 47% - 40% - 3:06
PP Defense
1 - 67% - 60% - 4:23
2 - 33% - 40% - 2:12
PK Forward
1 - 69% - 60% - 7:32
2 - 31% - 40% - 3:24
PK Defense
1 - 59% - 60% - 6:25
2 - 41% - 40% - 4:31
PK3 Forward
1 - 0% - 60%
2 - 0% - 40%
PK3 Defense
1 - 0% - 60%
2 - 0% - 40%
44 Forward
1 - 61% - 60% - 1:12
2 - 39% - 40% - 0:47
44 Defense
1 - 48% - 60% - 0:57
2 - 52% - 40% - 1:02
Last Minute Offensive - 0:00
Last Minute Defensive - 0:00
Total
Forward - 60:00
Defense - 60:00
|
% Time on Ice - Sewer Rats
Lines # - Real PCT - Wanted PCT - Time Play
Normal Forward
1 - 36% - 40% - 14:38
2 - 28% - 30% - 11:30
3 - 17% - 20% - 7:00
4 - 18% - 10% - 7:22
Normal Defense
1 - 37% - 40% - 14:54
2 - 28% - 30% - 11:20
3 - 19% - 20% - 7:35
4 - 17% - 10% - 6:41
PP Forward
1 - 56% - 60% - 6:05
2 - 44% - 40% - 4:51
PP Defense
1 - 57% - 60% - 6:17
2 - 43% - 40% - 4:39
PK Forward
1 - 76% - 60% - 5:02
2 - 24% - 40% - 1:33
PK Defense
1 - 56% - 60% - 3:41
2 - 44% - 40% - 2:54
PK3 Forward
1 - 0% - 60%
2 - 0% - 40%
PK3 Defense
1 - 0% - 60%
2 - 0% - 40%
44 Forward
1 - 68% - 60% - 1:21
2 - 32% - 40% - 0:38
44 Defense
1 - 58% - 60% - 1:09
2 - 42% - 40% - 0:50
Last Minute Offensive - 0:00
Last Minute Defensive - 0:00
Total
Forward - 60:00
Defense - 60:00
|
Play by Play
1st period
0:01 of 1st period - Bryan Little wins face-off versus Jesse Winchester in neutral zone.
0:36 of 1st period - Off-side.
0:37 of 1st period - Chris Clark wins face-off versus David Desharnais in neutral zone.
0:46 of 1st period - Snap shot by Mike Rathje.
0:46 of 1st period - Deflect By Shawn Matthias.
0:46 of 1st period - Stopped by Jeff Deslauriers without a rebound.
0:47 of 1st period - David Desharnais wins face-off versus Shawn Matthias in Princes zone.
0:58 of 1st period - Snap shot by Chris Clark.
0:58 of 1st period - Stopped by Jeff Deslauriers without a rebound.
0:59 of 1st period - Michael Nylander wins face-off versus Marc-André Cliche in Princes zone.
1:08 of 1st period - Slapshot by Kyle Quincey.
1:08 of 1st period - Shot Blocked by Jason Strudwick.
1:10 of 1st period - Wrist shot by Lars Eller.
1:10 of 1st period - Shot Hit the Post.
1:14 of 1st period - Wrist shot by Marc-André Cliche.
1:14 of 1st period - Stopped by Jeff Deslauriers with a rebound.
1:33 of 1st period - Minor Penalty to Nate Prosser for Interference.
1:34 of 1st period - Bryan Little wins face-off versus Michael Nylander in Princes zone.
2:57 of 1st period - Karel Rachunek is hit by Alexander Korolyuk.
3:08 of 1st period - Icing by John-Michael Liles.
3:09 of 1st period - John Madden wins face-off versus Bryan Little in Sewer Rats zone.
3:33 of 1st period - Penalty to Nate Prosser is over, Nate Prosser is back on ice.
4:44 of 1st period - Icing by Noah Welch.
4:45 of 1st period - Shawn Matthias wins face-off versus Curtis Glencross in Princes zone.
4:46 of 1st period - Slapshot by Chris Clark.
4:46 of 1st period - Shot Blocked by Chris Thorburn.
4:50 of 1st period - Snap shot by Chris Clark.
4:50 of 1st period - Stopped by Jeff Deslauriers with a rebound.
4:52 of 1st period - Slapshot by Karel Rachunek.
4:52 of 1st period - Stopped by Jeff Deslauriers with a rebound.
5:34 of 1st period - Wrist shot by Ville Leino.
5:34 of 1st period - Goal by Ville Leino - Princes : 0 - Sewer Rats : 1.
5:35 of 1st period - Jesse Winchester wins face-off versus Bryan Little in neutral zone.
5:57 of 1st period - Minor Penalty to Mark Mancari for Cross-checking.
5:57 of 1st period - Minor Penalty to Kevin Shattenkirk for Holding.
5:58 of 1st period - Michael Nylander wins face-off versus Niko Dimitrakos in neutral zone.
7:44 of 1st period - Nate Prosser is hit by Bryan Little and loses puck.
7:57 of 1st period - Penalty to Mark Mancari is over, Mark Mancari is back on ice.
7:57 of 1st period - Penalty to Kevin Shattenkirk is over, Kevin Shattenkirk is back on ice.
8:44 of 1st period - Wrist shot by Chris Thorburn.
8:44 of 1st period - Shot Blocked by Chris Clark.
8:54 of 1st period - Wrist shot by Ville Leino.
8:54 of 1st period - Shot Misses the Net.
8:56 of 1st period - Wrist shot by Maxim Talbot.
8:56 of 1st period - Goal by Maxim Talbot - Princes : 0 - Sewer Rats : 2.
8:57 of 1st period - Michael Nylander wins face-off versus Maxim Talbot in neutral zone.
9:02 of 1st period - Slapshot by David Perron.
9:02 of 1st period - Stopped by Jonas Gustavsson with a rebound.
9:32 of 1st period - Wrist shot by Niko Dimitrakos.
9:32 of 1st period - Shot Misses the Net.
9:41 of 1st period - Off-side.
9:42 of 1st period - David Desharnais wins face-off versus Derek Dorsett in neutral zone.
9:47 of 1st period - Snap shot by Alexander Korolyuk.
9:47 of 1st period - Stopped by Jonas Gustavsson with a rebound.
10:25 of 1st period - Snap shot by Raphael Diaz.
10:25 of 1st period - Stopped by Jeff Deslauriers without a rebound.
10:26 of 1st period - Michael Nylander wins face-off versus Bryan Little in Princes zone.
10:32 of 1st period - Off-side.
10:33 of 1st period - Bryan Little wins face-off versus Michael Nylander in neutral zone.
12:03 of 1st period - Snap shot by David Perron.
12:03 of 1st period - Stopped by Jonas Gustavsson with a rebound.
12:05 of 1st period - Wrist shot by Brian McGrattan.
12:05 of 1st period - Goal by Brian McGrattan - Princes : 1 - Sewer Rats : 2.
12:06 of 1st period - Michael Nylander wins face-off versus Max Pacioretty in neutral zone.
12:11 of 1st period - Wrist shot by Michael Nylander.
12:11 of 1st period - Goal by Michael Nylander - Princes : 2 - Sewer Rats : 2.
12:12 of 1st period - Michael Nylander wins face-off versus Maxim Talbot in neutral zone.
12:15 of 1st period - Snap shot by David Perron.
12:15 of 1st period - Shot Misses the Net.
12:17 of 1st period - Slapshot by Noah Welch.
12:17 of 1st period - Shot Blocked by Mike Rathje.
12:37 of 1st period - Niko Dimitrakos is hit by Chris Thorburn and loses puck.
13:16 of 1st period - Snap shot by Alexander Korolyuk.
13:16 of 1st period - Shot Blocked by Karel Rachunek.
13:59 of 1st period - Max Pacioretty is hit by Curtis Glencross and loses puck.
14:08 of 1st period - Snap shot by Jesse Winchester.
14:08 of 1st period - Stopped by Jonas Gustavsson without a rebound.
14:09 of 1st period - Michael Nylander wins face-off versus Maxim Talbot in Sewer Rats zone.
14:18 of 1st period - Snap shot by David Perron.
14:18 of 1st period - Stopped by Jonas Gustavsson with a rebound.
14:20 of 1st period - Snap shot by Sean Zimmerman.
14:20 of 1st period - Shot Blocked by Ville Leino.
14:22 of 1st period - Snap shot by David Perron.
14:22 of 1st period - Stopped by Jonas Gustavsson without a rebound.
14:23 of 1st period - Bryan Little wins face-off versus Jesse Winchester in Sewer Rats zone.
14:30 of 1st period - Snap shot by Niko Dimitrakos.
14:30 of 1st period - Deflect By Max Pacioretty.
14:30 of 1st period - Stopped by Jeff Deslauriers without a rebound.
14:31 of 1st period - Jesse Winchester wins face-off versus Bryan Little in Princes zone.
14:44 of 1st period - Wrist shot by Bryan Little.
14:44 of 1st period - Stopped by Jeff Deslauriers without a rebound.
14:45 of 1st period - Maxim Talbot wins face-off versus Michael Nylander in Princes zone.
14:52 of 1st period - Wrist shot by Ville Leino.
14:52 of 1st period - Stopped by Jeff Deslauriers with a rebound.
14:54 of 1st period - Wrist shot by Karel Rachunek.
14:54 of 1st period - Stopped by Jeff Deslauriers without a rebound.
14:55 of 1st period - Maxim Talbot wins face-off versus Michael Nylander in Princes zone.
15:34 of 1st period - Slapshot by Ville Leino.
15:34 of 1st period - Shot Blocked by Kevin Shattenkirk.
15:36 of 1st period - Snap shot by Mark Mancari.
15:36 of 1st period - Stopped by Jeff Deslauriers without a rebound.
15:37 of 1st period - Bryan Little wins face-off versus Jesse Winchester in Princes zone.
15:38 of 1st period - Backhand shot by Max Pacioretty.
15:38 of 1st period - Shot Misses the Net.
15:53 of 1st period - Minor Penalty to Rhett Warrener for Roughing.
15:54 of 1st period - Michael Nylander wins face-off versus Bryan Little in Princes zone.
16:03 of 1st period - Wrist shot by P.J. Axelsson.
16:03 of 1st period - Deflect By Michael Nylander.
16:03 of 1st period - Shot Misses the Net.
16:03 of 1st period - Puck is out of play.
16:04 of 1st period - Michael Nylander wins face-off versus Bryan Little in Sewer Rats zone.
16:49 of 1st period - Snap shot by Bryan Little.
16:49 of 1st period - Deflect By Curtis Glencross.
16:49 of 1st period - Shot Misses the Net.
16:49 of 1st period - Puck is out of play.
16:50 of 1st period - Maxim Talbot wins face-off versus Michael Nylander in Princes zone.
17:03 of 1st period - Wrist shot by Ville Leino.
17:03 of 1st period - Stopped by Jeff Deslauriers with a rebound.
17:53 of 1st period - Penalty to Rhett Warrener is over, Rhett Warrener is back on ice.
18:14 of 1st period - Wrist shot by Jesse Winchester.
18:14 of 1st period - Shot Blocked by Chris Clark.
18:30 of 1st period - Snap shot by Derek Dorsett.
18:30 of 1st period - Deflect By Lars Eller.
18:30 of 1st period - Stopped by Jeff Deslauriers without a rebound.
18:31 of 1st period - Jesse Winchester wins face-off versus Marc-André Cliche in Princes zone.
18:54 of 1st period - Snap shot by Derek Dorsett.
18:54 of 1st period - Shot Blocked by Nate Prosser.
19:27 of 1st period - Noah Welch is hit by Karel Rachunek and loses puck.
19:59 of 1st period - Wrist shot by Chris Thorburn.
19:59 of 1st period - Stopped by Jonas Gustavsson with a rebound.
2nd period
0:01 of 2nd period - Michael Nylander wins face-off versus Bryan Little in neutral zone.
0:25 of 2nd period - Mark Mancari is hit by Curtis Glencross.
0:29 of 2nd period - Wrist shot by Maxim Talbot.
0:29 of 2nd period - Shot Misses the Net.
0:30 of 2nd period - Minor Penalty to Mark Mancari for Cross-checking.
0:31 of 2nd period - Maxim Talbot wins face-off versus Michael Nylander in Sewer Rats zone.
1:20 of 2nd period - Snap shot by Vojtech Polak.
1:20 of 2nd period - Shot Misses the Net.
1:24 of 2nd period - Backhand shot by Bryan Little.
1:24 of 2nd period - Deflect By Kevin Shattenkirk.
1:24 of 2nd period - Shot Blocked by Jesse Winchester.
1:24 of 2nd period - Puck is out of play.
1:25 of 2nd period - Michael Nylander wins face-off versus Maxim Talbot in Princes zone.
1:40 of 2nd period - Snap shot by Alexander Korolyuk.
1:40 of 2nd period - Goal by Alexander Korolyuk - Princes : 3 - Sewer Rats : 2.
1:41 of 2nd period - Bryan Little wins face-off versus Michael Nylander in neutral zone.
1:48 of 2nd period - Slapshot by Niko Dimitrakos.
1:48 of 2nd period - Shot Misses the Net.
2:06 of 2nd period - Niko Dimitrakos is hit by Sean Zimmerman and loses puck.
2:32 of 2nd period - Slapshot by Rhett Warrener.
2:32 of 2nd period - Stopped by Jonas Gustavsson with a rebound.
3:09 of 2nd period - Wrist shot by Bryan Little.
3:09 of 2nd period - Shot Misses the Net.
3:11 of 2nd period - Slapshot by John-Michael Liles.
3:11 of 2nd period - Stopped by Jeff Deslauriers without a rebound.
3:12 of 2nd period - Michael Nylander wins face-off versus Maxim Talbot in Princes zone.
3:17 of 2nd period - Kyle Quincey is hit by David Perron and loses puck.
4:05 of 2nd period - Mike Rathje is hit by John Madden.
4:15 of 2nd period - Noah Welch is hit by Mike Rathje and loses puck.
4:50 of 2nd period - Snap shot by Ville Leino.
4:50 of 2nd period - Shot Blocked by Nate Prosser.
5:21 of 2nd period - Michael Nylander is hit by Chris Clark and loses puck.
5:34 of 2nd period - Marc-André Cliche is hit by Jason Strudwick and loses puck.
6:14 of 2nd period - Wrist shot by Derek Dorsett.
6:14 of 2nd period - Stopped by Jeff Deslauriers with a rebound.
6:16 of 2nd period - Slapshot by Matt Lashoff.
6:16 of 2nd period - Shot Misses the Net.
6:36 of 2nd period - Slapshot by Alexander Korolyuk.
6:36 of 2nd period - Shot Misses the Net.
6:46 of 2nd period - Curtis Glencross is hit by Niko Dimitrakos and loses puck.
6:59 of 2nd period - Wrist shot by Bryan Little.
6:59 of 2nd period - Stopped by Jeff Deslauriers with a rebound.
7:16 of 2nd period - Bryan Little is hit by Brian McGrattan and loses puck.
7:27 of 2nd period - Steven Kampfer is hit by Alexander Korolyuk and loses puck.
7:34 of 2nd period - Slapshot by P.J. Axelsson.
7:34 of 2nd period - Shot Blocked by Niko Dimitrakos.
7:35 of 2nd period - Minor Penalty to Steven Kampfer for Holding.
7:36 of 2nd period - Michael Nylander wins face-off versus Maxim Talbot in Sewer Rats zone.
7:39 of 2nd period - Snap shot by Michael Nylander.
7:39 of 2nd period - Stopped by Jonas Gustavsson without a rebound.
7:40 of 2nd period - Michael Nylander wins face-off versus Maxim Talbot in Sewer Rats zone.
8:13 of 2nd period - Slapshot by Rhett Warrener.
8:13 of 2nd period - Shot Blocked by Vojtech Polak.
9:35 of 2nd period - Penalty to Steven Kampfer is over, Steven Kampfer is back on ice.
9:40 of 2nd period - Mike Rathje is hit by Michael Haley and loses puck.
9:45 of 2nd period - Slapshot by Jason Strudwick.
9:45 of 2nd period - Shot Misses the Net.
9:47 of 2nd period - Slapshot by Nate Prosser.
9:47 of 2nd period - Deflect By Karel Rachunek.
9:47 of 2nd period - Stopped by Jonas Gustavsson with a rebound.
9:49 of 2nd period - Snap shot by John Madden.
9:49 of 2nd period - Stopped by Jonas Gustavsson without a rebound.
9:50 of 2nd period - John Madden wins face-off versus Marc-André Cliche in Sewer Rats zone.
10:13 of 2nd period - Nate Prosser is hit by Maxim Talbot.
10:17 of 2nd period - Snap shot by Maxim Talbot.
10:17 of 2nd period - Shot Misses the Net.
10:28 of 2nd period - Icing by Mike Rathje.
10:29 of 2nd period - Maxim Talbot wins face-off versus Jesse Winchester in Sewer Rats zone.
10:42 of 2nd period - Snap shot by Chris Clark.
10:42 of 2nd period - Stopped by Jeff Deslauriers with a rebound.
10:48 of 2nd period - Mike Rathje is hit by Chris Thorburn and loses puck.
11:09 of 2nd period - Mike Rathje is hit by Chris Thorburn and loses puck.
11:22 of 2nd period - Snap shot by Chris Clark.
11:22 of 2nd period - Stopped by Jeff Deslauriers with a rebound.
11:28 of 2nd period - Slapshot by Rhett Warrener.
11:28 of 2nd period - Stopped by Jonas Gustavsson without a rebound.
11:29 of 2nd period - Bryan Little wins face-off versus Michael Nylander in Sewer Rats zone.
12:05 of 2nd period - Backhand shot by Alexander Korolyuk.
12:05 of 2nd period - Stopped by Jonas Gustavsson without a rebound.
12:06 of 2nd period - Maxim Talbot wins face-off versus David Desharnais in Sewer Rats zone.
12:31 of 2nd period - David Desharnais is hit by Max Pacioretty and loses puck.
12:52 of 2nd period - Slapshot by Mike Rathje.
12:52 of 2nd period - Shot Misses the Net.
12:54 of 2nd period - Backhand shot by Mike Rathje.
12:54 of 2nd period - Stopped by Jeff Deslauriers with a rebound.
12:56 of 2nd period - Slapshot by Karel Rachunek.
12:56 of 2nd period - Stopped by Jeff Deslauriers without a rebound.
12:57 of 2nd period - Niko Dimitrakos wins face-off versus David Perron in Princes zone.
13:18 of 2nd period - Max Pacioretty is hit by Michael Nylander and loses puck.
13:31 of 2nd period - Michael Nylander is hit by Niko Dimitrakos and loses puck.
13:46 of 2nd period - Wrist shot by Bryan Little.
13:46 of 2nd period - Stopped by Jeff Deslauriers with a rebound.
13:48 of 2nd period - Wrist shot by Max Pacioretty.
13:48 of 2nd period - Shot Misses the Net.
13:50 of 2nd period - Backhand shot by Niko Dimitrakos.
13:50 of 2nd period - Shot Misses the Net.
14:04 of 2nd period - Snap shot by Michael Nylander.
14:04 of 2nd period - Shot Misses the Net.
14:32 of 2nd period - Snap shot by Kevin Shattenkirk.
14:32 of 2nd period - Shot Misses the Net.
14:33 of 2nd period - Minor Penalty to Noah Welch for Interference.
14:34 of 2nd period - Maxim Talbot wins face-off versus John Madden in Princes zone.
14:35 of 2nd period - Snap shot by Mark Mancari.
14:35 of 2nd period - Stopped by Jeff Deslauriers with a rebound.
14:37 of 2nd period - Slapshot by Kyle Quincey.
14:37 of 2nd period - Deflect By Maxim Talbot.
14:37 of 2nd period - Shot Blocked by Rhett Warrener.
14:37 of 2nd period - Puck is out of play.
14:38 of 2nd period - John Madden wins face-off versus Maxim Talbot in Princes zone.
15:19 of 2nd period - Ville Leino is hit by David Desharnais and loses puck.
16:07 of 2nd period - Niko Dimitrakos is hit by Sean Zimmerman and loses puck.
16:33 of 2nd period - Penalty to Noah Welch is over, Noah Welch is back on ice.
16:41 of 2nd period - Chris Clark is hit by Noah Welch and loses puck.
17:05 of 2nd period - Chris Clark is hit by Noah Welch.
17:09 of 2nd period - Maxim Talbot is hit by John Madden and loses puck.
17:23 of 2nd period - John-Michael Liles is hit by Curtis Glencross and loses puck.
17:40 of 2nd period - Snap shot by David Perron.
17:40 of 2nd period - Shot Blocked by John-Michael Liles.
17:42 of 2nd period - Wrist shot by Rhett Warrener.
17:42 of 2nd period - Deflect By David Perron.
17:42 of 2nd period - Shot Blocked by John-Michael Liles.
17:42 of 2nd period - Puck is out of play.
17:43 of 2nd period - David Desharnais wins face-off versus Bryan Little in Sewer Rats zone.
17:46 of 2nd period - Slapshot by Alexander Korolyuk.
17:46 of 2nd period - Shot Blocked by Niko Dimitrakos.
18:41 of 2nd period - Mike Rathje is hit by Anthony Peluso and loses puck.
18:57 of 2nd period - Icing by Rhett Warrener.
18:58 of 2nd period - Bryan Little wins face-off versus Jesse Winchester in Princes zone.
19:17 of 2nd period - Snap shot by Brian McGrattan.
19:17 of 2nd period - Shot Blocked by Mark Mancari.
19:29 of 2nd period - Kyle Quincey is hit by Anthony Peluso and loses puck.
19:46 of 2nd period - Wrist shot by Alexander Korolyuk.
19:46 of 2nd period - Goal by Alexander Korolyuk - Princes : 4 - Sewer Rats : 2.
19:46 of 2nd period - Jhonas Enroth enters game.
19:47 of 2nd period - Jesse Winchester wins face-off versus Bryan Little in neutral zone.
3rd period
0:01 of 3rd period - Bryan Little wins face-off versus Jesse Winchester in neutral zone.
0:16 of 3rd period - Slapshot by Noah Welch.
0:16 of 3rd period - Shot Blocked by John-Michael Liles.
0:47 of 3rd period - Backhand shot by Karel Rachunek.
0:47 of 3rd period - Shot Blocked by P.J. Axelsson.
1:14 of 3rd period - Backhand shot by Marc-André Cliche.
1:14 of 3rd period - Stopped by Jeff Deslauriers without a rebound.
1:15 of 3rd period - Michael Nylander wins face-off versus Bryan Little in Princes zone.
1:20 of 3rd period - Max Pacioretty is hit by Noah Welch and loses puck.
1:42 of 3rd period - Mike Rathje is hit by Curtis Glencross and loses puck.
2:09 of 3rd period - Snap shot by John Madden.
2:09 of 3rd period - Shot Blocked by Mike Rathje.
3:15 of 3rd period - Slapshot by Noah Welch.
3:15 of 3rd period - Shot Misses the Net.
3:34 of 3rd period - Slapshot by Kevin Shattenkirk.
3:34 of 3rd period - Deflect By Jesse Winchester.
3:34 of 3rd period - Shot Misses the Net.
3:34 of 3rd period - Puck is out of play.
3:35 of 3rd period - Chris Thorburn wins face-off versus Bryan Little in Sewer Rats zone.
3:42 of 3rd period - John-Michael Liles is hit by Jesse Winchester and loses puck.
3:47 of 3rd period - Slapshot by Chris Thorburn.
3:47 of 3rd period - Stopped by Jhonas Enroth with a rebound.
3:49 of 3rd period - Wrist shot by Curtis Glencross.
3:49 of 3rd period - Stopped by Jhonas Enroth with a rebound.
4:09 of 3rd period - Off-side.
4:10 of 3rd period - Maxim Talbot wins face-off versus Michael Nylander in neutral zone.
4:25 of 3rd period - Snap shot by Maxim Talbot.
4:25 of 3rd period - Stopped by Jeff Deslauriers without a rebound.
4:26 of 3rd period - Shawn Matthias wins face-off versus Jesse Winchester in Princes zone.
5:22 of 3rd period - Wrist shot by Alexander Korolyuk.
5:22 of 3rd period - Stopped by Jhonas Enroth without a rebound.
5:23 of 3rd period - Bryan Little wins face-off versus Chris Thorburn in Sewer Rats zone.
5:34 of 3rd period - Snap shot by Bryan Little.
5:34 of 3rd period - Shot Blocked by Nate Prosser.
5:36 of 3rd period - Wrist shot by Bryan Little.
5:36 of 3rd period - Deflect By Niko Dimitrakos.
5:36 of 3rd period - Shot Misses the Net.
5:36 of 3rd period - Puck is out of play.
5:37 of 3rd period - Jesse Winchester wins face-off versus Maxim Talbot in Princes zone.
5:42 of 3rd period - Wrist shot by Chris Thorburn.
5:42 of 3rd period - Stopped by Jhonas Enroth with a rebound.
5:54 of 3rd period - Karel Rachunek is hit by Chris Thorburn and loses puck.
6:07 of 3rd period - Slapshot by Rhett Warrener.
6:07 of 3rd period - Stopped by Jhonas Enroth with a rebound.
6:09 of 3rd period - Slapshot by Jason Strudwick.
6:09 of 3rd period - Shot Blocked by Niko Dimitrakos.
6:11 of 3rd period - Slapshot by Jason Strudwick.
6:11 of 3rd period - Shot Misses the Net.
6:13 of 3rd period - Snap shot by Michael Nylander.
6:13 of 3rd period - Shot Misses the Net.
6:15 of 3rd period - Slapshot by Nate Prosser.
6:15 of 3rd period - Shot Misses the Net.
6:33 of 3rd period - Wrist shot by John-Michael Liles.
6:33 of 3rd period - Stopped by Jeff Deslauriers with a rebound.
6:39 of 3rd period - John-Michael Liles is hit by P.J. Axelsson and loses puck.
6:52 of 3rd period - John-Michael Liles is hit by Anthony Peluso and loses puck.
7:11 of 3rd period - Slapshot by Karel Rachunek.
7:11 of 3rd period - Shot Hit the Post.
7:13 of 3rd period - Snap shot by Mark Mancari.
7:13 of 3rd period - Shot Blocked by Kevin Shattenkirk.
7:15 of 3rd period - Slapshot by Ville Leino.
7:15 of 3rd period - Deflect By Jesse Winchester.
7:15 of 3rd period - Shot Misses the Net.
7:15 of 3rd period - Puck is out of play.
7:16 of 3rd period - Bryan Little wins face-off versus Michael Nylander in Princes zone.
7:17 of 3rd period - Snap shot by Niko Dimitrakos.
7:17 of 3rd period - Stopped by Jeff Deslauriers without a rebound.
7:18 of 3rd period - Bryan Little wins face-off versus Michael Nylander in Princes zone.
7:19 of 3rd period - Snap shot by Niko Dimitrakos.
7:19 of 3rd period - Shot Misses the Net.
7:43 of 3rd period - Kyle Quincey is hit by Chris Thorburn.
7:49 of 3rd period - Snap shot by Curtis Glencross.
7:49 of 3rd period - Shot Blocked by Matt Lashoff.
7:51 of 3rd period - Backhand shot by Curtis Glencross.
7:51 of 3rd period - Shot Misses the Net.
8:05 of 3rd period - Noah Welch is hit by Kyle Quincey and loses puck.
8:15 of 3rd period - Icing by Kyle Quincey.
8:16 of 3rd period - Michael Nylander wins face-off versus Shawn Matthias in Sewer Rats zone.
8:22 of 3rd period - Minor Penalty to Vojtech Polak for Tripping.
8:23 of 3rd period - Michael Nylander wins face-off versus Maxim Talbot in Sewer Rats zone.
8:28 of 3rd period - Wrist shot by Michael Nylander.
8:28 of 3rd period - Stopped by Jhonas Enroth with a rebound.
8:34 of 3rd period - Kevin Shattenkirk is hit by Chris Clark and loses puck.
8:39 of 3rd period - Snap shot by Chris Clark.
8:39 of 3rd period - Stopped by Jeff Deslauriers with a rebound.
8:55 of 3rd period - Wrist shot by Alexander Korolyuk.
8:55 of 3rd period - Stopped by Jhonas Enroth without a rebound.
8:56 of 3rd period - Bryan Little wins face-off versus Jesse Winchester in Sewer Rats zone.
9:05 of 3rd period - Snap shot by Chris Thorburn.
9:05 of 3rd period - Shot Misses the Net.
9:07 of 3rd period - Slapshot by Nate Prosser.
9:07 of 3rd period - Deflect By Alexander Korolyuk.
9:07 of 3rd period - Shot Misses the Net.
9:07 of 3rd period - Puck is out of play.
9:08 of 3rd period - Maxim Talbot wins face-off versus Michael Nylander in Sewer Rats zone.
9:33 of 3rd period - Alexander Korolyuk is hit by Maxim Talbot and loses puck.
10:22 of 3rd period - Penalty to Vojtech Polak is over, Vojtech Polak is back on ice.
10:32 of 3rd period - Karel Rachunek is hit by Michael Nylander and loses puck.
10:43 of 3rd period - Shawn Matthias is hit by Anthony Peluso and loses puck.
11:33 of 3rd period - Snap shot by Niko Dimitrakos.
11:33 of 3rd period - Shot Blocked by Nate Prosser.
11:42 of 3rd period - Major Penalty to Anthony Peluso for Kneeing.
11:43 of 3rd period - Michael Nylander wins face-off versus Bryan Little in Princes zone.
11:43 of 3rd period - Michael Nylander is hit by Mark Mancari.
11:51 of 3rd period - Slapshot by Noah Welch.
11:51 of 3rd period - Shot Misses the Net.
13:20 of 3rd period - Kyle Quincey is hit by Brian McGrattan and loses puck.
13:53 of 3rd period - Slapshot by Marc-André Cliche.
13:53 of 3rd period - Stopped by Jeff Deslauriers with a rebound.
13:55 of 3rd period - Snap shot by Chris Clark.
13:55 of 3rd period - Sewer Rats goal is going for a video replay.
13:55 of 3rd period - The goal is refused. The net was displaced accidentally..
13:56 of 3rd period - Michael Nylander wins face-off versus Marc-André Cliche in Princes zone.
14:09 of 3rd period - Noah Welch is hit by Chris Clark and loses puck.
14:35 of 3rd period - Kyle Quincey is hit by Curtis Glencross and loses puck.
16:42 of 3rd period - Penalty to Anthony Peluso is over, Anthony Peluso is back on ice.
16:54 of 3rd period - Max Pacioretty is hit by Jesse Winchester and loses puck.
17:32 of 3rd period - Maxim Talbot is hit by Michael Haley and loses puck.
17:45 of 3rd period - Niko Dimitrakos is hit by Chris Thorburn and loses puck.
17:52 of 3rd period - Niko Dimitrakos is hit by Noah Welch and loses puck.
18:32 of 3rd period - Minor Penalty to Steven Kampfer for Diving.
18:33 of 3rd period - Maxim Talbot wins face-off versus Jesse Winchester in Sewer Rats zone.
19:03 of 3rd period - Wrist shot by Michael Nylander.
19:03 of 3rd period - Shot Misses the Net.
19:07 of 3rd period - Snap shot by David Perron.
19:07 of 3rd period - Stopped by Jhonas Enroth with a rebound.
19:09 of 3rd period - Snap shot by Sean Zimmerman.
19:09 of 3rd period - Stopped by Jhonas Enroth with a rebound.
Output by the SimonT Hockey Simulator (STHS) for François Prévost -- Original Page W3C XHTML 1.0 Valid